 Dungeon Crawl Stone Soup version 0.26-a0-52-gd53d4cd058 (webtiles) character file.

Game seed: 14766021637882363826

233 vurker the Magician (level 5, 0/38 HPs)
             Began as a Mummy Wizard on June 5, 2020.
             Slain by a gnoll
             ... wielding a +0 spear
              (11 damage)
             ... on level 3 of the Dungeon.
             The game lasted 00:05:21 (3551 turns).

vurker the Magician (Mummy Wizard)                  Turns: 3551, Time: 00:05:21

Health: 0/38       AC:  2    Str: 11    XL:     5   Next: 75%
Magic:  0/12       EV: 12    Int: 18    God:
Gold:   56         SH:  0    Dex: 10    Spells: 9/14 levels left

rFire    x . .     SeeInvis .   d - +0 dagger
rCold    + . .     Gourm    .   (no shield)
rNeg     + + +     Faith    .   a - +0 robe
rPois    ∞         Spirit   .   b - +0 hat
rElec    .         Reflect  .   (no cloak)
rCorr    .         Harm     .   (no gloves)
MR       .....                  (no boots)
Stlth    +.........             (no amulet)
HPRegen  0.12/turn              c - ring of attention (curse)
MPRegen  0.13/turn              h - ring of flight

@: very slightly contaminated
A: no food or potions, fire vulnerability, cold resistance 1, negative energy
resistance 3, torment resistance, unbreathing
a: Evoke Flight


You were on level 3 of the Dungeon.
You were not hungry.

You visited 1 branch of the dungeon, and saw 3 of its levels.

You collected 56 gold pieces.

Inventory:

Hand Weapons
 d - a +0 dagger (weapon)
   (You took it off a kobold on level 1 of the Dungeon)
Armour
 a - a +0 robe (worn)
 b - a +0 hat (worn)
 i - a +0 buckler
   (You found it on level 1 of the Dungeon)
Jewellery
 c - a cursed ring of attention (left hand)
   (You found it on level 1 of the Dungeon)
 h - a ring of flight (right hand)
   (You found it on level 1 of the Dungeon)
Scrolls
 e - 2 scrolls of remove curse {unknown}
 f - 2 scrolls of teleportation {unknown}
 g - a scroll of enchant weapon {unknown}
 j - 4 scrolls of identify {unknown}
 k - 3 scrolls of fog {unknown}
 l - a scroll of magic mapping {unknown}


   Skills:
 + Level 1.7 Fighting
 - Level 1.5 Dodging
 - Level 1.5 Stealth
 * Level 1.7 Shields
 * Level 5.3 Spellcasting
 * Level 2.3 Conjurations
 - Level 2.0 Summonings
 - Level 0.7 Translocations


You had 9 spell levels left.
You knew the following spells:

 Your Spells              Type           Power        Failure   Level  Hunger
a - Magic Dart            Conj           ##..         4%          1    N/A
b - Call Imp              Summ           ##......     9%          2    N/A
w - Blink                 Tloc           N/A          14%         2    N/A

Your spell library contained the following spells:

 Spells                   Type           Power        Failure   Level  Hunger
 Slow                     Hex            #.......     19%         2    N/A
 Conjure Flame            Conj/Fire      #.......     24%         3    N/A
 Mephitic Cloud           Conj/Pois/Air  #.......     28%         3    N/A

Dungeon Overview and Level Annotations

Branches:
Dungeon (3/15)

Altars:


Innate Abilities, Weirdness & Mutations

You do not eat or drink.
Your flesh is vulnerable to fire.
You are immune to poison.
Your flesh is cold resistant. (rC+)
You are immune to negative energy. (rN+++)
You are immune to unholy pain and torment.
You can survive without breathing.


Message History

The gnoll closely misses your white imp.
You don't have enough magic to cast that spell.
Your white imp gestures at the gnoll.
The puff of frost hits the gnoll!
The gnoll dies!
What are your orders? t - Shout!
Orders for allies: a - Attack new target. r - Retreat! s - Stop attacking. g - Guard the area. f - Follow me.
Anything else - Cancel.
Gang up on whom?
Aim: a gnoll, wielding a +0 halberd and quivering 13 stones Attack!
The gnoll throws a stone.
The stone hits you.
* * * LOW HITPOINT WARNING * * *
The gnoll throws a stone.
The stone hits you.
* * * LOW HITPOINT WARNING * * *
Your white imp misses the gnoll.
Your white imp gestures at the gnoll.
The puff of frost hits the gnoll!
The gnoll closely misses your white imp.
A gnoll comes into view. It is wielding a +0 spear.
Your white imp gestures at the gnoll.
The puff of frost hits the gnoll.
The gnoll dies!
A gnoll comes into view. It is wielding a +0 halberd.
Your white imp gestures at the gnoll.
The puff of frost misses the gnoll.
Your crimson imp closely misses the gnoll.
The gnoll hits your crimson imp but does no damage.
Your crimson imp disappears in a puff of smoke!
Your white imp hits the gnoll but does no damage.
The gnoll hits your white imp but does no damage.
Things that are here:
a +0 club; a goblin corpse What are your orders? t - Shout!
Orders for allies: a - Attack new target. r - Retreat! s - Stop attacking. g - Guard the area. f - Follow me.
Anything else - Cancel.
Gang up on whom?
Aim: a gnoll, wielding a +0 spear Attack!
Your white imp hits the gnoll but does no damage.
The gnoll barely misses your white imp.
You see here 2 stones.
A beastly little devil appears in a puff of flame.
The gnoll hits you from afar with a +0 spear!
You die...

#...# #...# #...#
#...#### ##
#...... ...
####....#+###...$
#................
#..5.......).....
#..@.g5.g<.......
#....##.)..†...!.
#######..........
#..........
#..........
#.....)....
#..........
#..........


You could see 2 gnolls, a friendly crimson imp (summoned) and a friendly white
imp (summoned).

Vanquished Creatures
  Sigmund (D:2)
  2 adders (D:2)
  An ooze (D:2)
  2 dart slugs (D:1)
  2 orcs
  6 bats (D:1)
  5 giant cockroaches
  5 goblins
  3 hobgoblins
  4 jackals
  A quokka (D:3)
  A ball python (D:1)
  3 frilled lizards
  9 kobolds
  5 rats
50 creatures vanquished.

Vanquished Creatures (collateral kills)
  2 gnolls (D:3)
  4 adders (D:2)
  2 leopard geckos (D:2)
  An orc (D:2)
  2 kobolds
  2 frilled lizards (D:2)
  2 rats (D:2)
15 creatures vanquished.

Grand Total: 65 creatures vanquished

Notes
Turn   | Place    | Note
-------+----------+-------------------------------------------
     0 | D:1      | vurker the Mummy Wizard began the quest for the Orb.
     0 | D:1      | Reached XP level 1. HP: 13/13 MP: 5/5
   149 | D:1      | Reached skill level 1 in Conjurations
   263 | D:1      | Reached XP level 2. HP: 16/20 MP: 2/7
   477 | D:1      | Learned a level 2 spell: Call Imp
   480 | D:1      | Learned a level 2 spell: Blink
   970 | D:1      | Reached skill level 1 in Summonings
  1681 | D:1      | Reached XP level 3. HP: 25/25 MP: 5/9
  2184 | D:1      | Reached skill level 1 in Fighting
  2736 | D:2      | Reached XP level 4. HP: 16/32 MP: 1/10
  2921 | D:2      | Noticed Sigmund
  2933 | D:2      | Killed Sigmund
  2933 | D:2      | Reached skill level 1 in Shields
  2933 | D:2      | Reached skill level 5 in Spellcasting
  2933 | D:2      | Reached XP level 5. HP: 26/37 MP: 2/12
  3551 | D:3      | Slain by a gnoll

Illustrated notes

Levels and vault maps discovered:
D:1:      matt_arrival_spirals, layout_basic, serial_corexii_hall,
          corexii_hall_statues_s, corexii_hall_statues_l
D:2:      layout_rooms, minmay_small_reverse_x, uniq_sigmund
D:3:      layout_basic, dancing_weapons_uskayaw, nicolae_overflow_crystal_walls

Skill      XL: |  1  2  3  4  5 |
---------------+----------------+-----
Conjurations   | 1 2 |  2.3
Summonings     | 1 2 |  2.0
Fighting       | 1 |  1.7
Shields        | 1 |  1.7
Spellcasting   | 5 |  5.3
Dodging        | |  1.5
Stealth        | |  1.5
Translocations | |  0.7

Action                   |  1- 3 |  4- 6 || total
-------------------------+-------+-------++-------
Melee: Dagger            |    26 |     1 ||    27
 Cast: Magic Dart        |    98 |    45 ||   143
       Call Imp          |    10 |     7 ||    17
 Stab: Distracted        |       |     1 ||     1
Armor: Robe              |    20 |     2 ||    22
Dodge: Dodged            |    59 |    28 ||    87

Table legend:
 A = Non-vault XP
 B = Vault XP
 C = Vault XP percentage of total XP
 D = Non-vault monster count
 E = Vault monster count
 F = Vault count percentage of total count
                 A         B        C        D         E       F
            +---------+---------+-------+---------+---------+-------
      Total |     161 |     173 |  51.8 |      60 |       5 |   7.7
            +---------+---------+-------+---------+---------+-------
        D:1 |      46 |       0 |   0.0 |      25 |       0 |   0.0
        D:2 |      95 |     173 |  64.6 |      30 |       5 |  14.3
        D:3 |      20 |       0 |   0.0 |       5 |       0 |   0.0
            +---------+---------+-------+---------+---------+-------
